 Dungeon Crawl Stone Soup version 0.25.0-9-g26727b657a (webtiles) character file.

Game seed: 13724065221726226435

107 Majang the Chopper (level 4, -2/35 HPs)
             Began as a Demonspawn Gladiator on June 18, 2020.
             Was an Initiate of Qazlal.
             Slain by an ogre
             ... wielding a +0 giant club
              (15 damage)
             ... on level 3 of the Dungeon.
             The game lasted 00:08:19 (2784 turns).

Majang the Chopper (Demonspawn Gladiator)           Turns: 2784, Time: 00:08:20

Health: -2/35      AC:  7    Str: 16    XL:     4   Next: 56%
Magic:  4/4        EV: 10    Int:  9    God:    Qazlal [......]
Gold:   64         SH:  0    Dex: 14    Spells: 3/3 levels left

rFire    + . .     SeeInvis .   a - +0 war axe
rCold    . . .     Gourm    .   (no shield)
rNeg     . . .     Faith    .   n - +0 scale mail (curse)
rPois    .         Spirit   .   c - +0 helmet
rElec    .         Reflect  .   (no cloak)
rCorr    .         Harm     .   (no gloves)
MR       .....                  (no boots)
Stlth    ..........             (no amulet)
HPRegen  0.11/turn              k - ring of protection from fire
MPRegen  0.09/turn              (no ring)

@: lightly drained
A: claws 2, demonic guardian 1
a: Renounce Religion


You were on level 3 of the Dungeon.
You worshipped Qazlal.
Qazlal was noncommittal.
You were not hungry.

You visited 1 branch of the dungeon, and saw 3 of its levels.

You collected 64 gold pieces.

Inventory:

Hand Weapons
 a - a +0 war axe (weapon)
 o - a +4 quarterstaff of chaos
 q - a +0 flail
Missiles
 d - 3 throwing nets (quivered)
 i - 22 bolts
Armour
 c - a +0 helmet (worn)
 j - a cursed +0 cloak
 n - a cursed +0 scale mail (worn)
Jewellery
 k - a ring of protection from fire (left claw)
Scrolls
 b - 2 scrolls of remove curse
 l - a scroll of teleportation {unknown}
 m - a scroll of blinking {unknown}
 p - a scroll of identify
Potions
 e - a potion of ambrosia {unknown}
 h - a potion of magic {unknown}
Comestibles
 f - 3 rations
 g - 3 chunks of flesh


   Skills:
 + Level 3.1 Fighting
 * Level 4.3(4.2) Axes
 - Level 1.7 Throwing
 + Level 0.0 Armour
 + Level 2.7(2.6) Dodging
 + Level 0.0 Invocations


You had 3 spell levels left.
You didn't know any spells.
Your spell library was empty.

Dungeon Overview and Level Annotations

Branches:
Dungeon (3/15)

Altars:
Dithmenos
Hepliaklqana
Qazlal
Sif Muna
Wu Jian
The Shining One


Innate Abilities, Weirdness & Mutations

You have very sharp fingernails.
A weak demonic guardian rushes to your aid.


Message History

The hobgoblin hits you.
You slash the hobgoblin!
You kill the hobgoblin!
Qazlal accepts your kill. The ogre misses your ufetubus.
The ogre closely misses your ufetubus. The ogre barely misses your ufetubus.
The ogre completely misses your ufetubus.
The ogre misses your ufetubus. The ogre barely misses you.
You see here a hobgoblin corpse.
You barely miss the ogre.
Your ufetubus barely misses the ogre. x2
The ogre hits you with a +0 giant club!!
Ouch! That really hurt!
Your ufetubus hits the ogre. x2
You hit the ogre.
The ogre is moderately wounded.
Your ufetubus hits the ogre but does no damage.
Your ufetubus hits the ogre. The ogre hits you with a +0 giant club!
You die...

######### ######
........######.....#
.......<รท..##......#
.#########.##.....
#.##... ####.#.##O#
### .........5@#....#
#..##.#.#.......#
#.#.........# #
#.........#
.............
#.#.#......###
...#.#.###..# ###
#.... ..# ###.# .#


You could see an ogre and a friendly ufetubus (summoned).

Vanquished Creatures
  2 adders (D:2)
  An ooze (D:1)
  2 worms (D:2)
  3 dart slugs
  A leopard gecko (D:2)
  An orc (D:3)
  A giant cockroach (D:2)
  4 hobgoblins
  5 jackals (D:1)
  A quokka (D:2)
  5 bats
  A frilled lizard (D:1)
  8 goblins
  6 kobolds
  5 rats
46 creatures vanquished.

Vanquished Creatures (collateral kills)
  Crazy Yiuf (D:2)
1 creature vanquished.

Grand Total: 47 creatures vanquished

Notes
Turn   | Place    | Note
-------+----------+-------------------------------------------
     0 | D:1      | Majang the Demonspawn Gladiator began the quest for the
                  | Orb.
     0 | D:1      | Reached XP level 1. HP: 16/16 MP: 1/1
   246 | D:1      | Reached skill level 3 in Axes
   246 | D:1      | Gained mutation: You have sharp fingernails. [demonic
                  | ancestry]
   246 | D:1      | Reached XP level 2. HP: 22/22 MP: 2/2
   471 | D:1      | Gained mutation: A weak demonic guardian rushes to your
                  | aid. [demonic ancestry]
   471 | D:1      | Reached XP level 3. HP: 28/28 MP: 3/3
   943 | D:1      | Found an ornate altar of the Wu Jian Council.
  1511 | D:2      | Reached skill level 4 in Axes
  1520 | D:2      | Gained mutation: You have very sharp fingernails. [demonic
                  | ancestry]
  1520 | D:2      | Reached XP level 4. HP: 17/34 MP: 4/4
  2037 | D:2      | Found a runed translucent door.
  2038 | D:2      | Noticed Crazy Yiuf
  2232 | D:2      | Killed Crazy Yiuf
  2569 | D:2      | Found a shimmering blue altar of Sif Muna.
  2569 | D:2      | Found a shadowy altar of Dithmenos.
  2575 | D:2      | Found a stormy altar of Qazlal.
  2581 | D:2      | Found a glowing golden altar of the Shining One.
  2582 | D:2      | Found a hazy altar of Hepliaklqana.
  2585 | D:2      | Became a worshipper of Qazlal Stormbringer
  2772 | D:3      | Noticed an ogre
  2784 | D:3      | Slain by an ogre

Illustrated notes

Levels and vault maps discovered:
D:1:      dpeg_arrival_water_altar, layout_rooms, minmay_tree_intersection
D:2:      layout_basic, chequers_temple_overflow_minitemple, minmay_box_of_dots,
          uniq_crazy_yiuf_cottage
D:3:      layout_basic, minmay_misc_feat_plants

Skill      XL: |  1  2  3  4 |
---------------+-------------+-----
Axes           | 3 4 |  4.3
Fighting       | 3 |  3.1
Throwing       | |  1.7
Dodging        | |  2.7

Action                   |  1- 3 |  4- 6 || total
-------------------------+-------+-------++-------
Melee: War axe           |    85 |    43 ||   128
  Use: Scroll            |     2 |       ||     2
       Potion            |       |     1 ||     1
  Eat: Chunk             |     2 |     4 ||     6
Armor: Leather armour    |    10 |       ||    10
       Scale mail        |    37 |    12 ||    49
Dodge: Dodged            |    47 |    26 ||    73
